 Dungeon Crawl Stone Soup version 0.24-a0-434-gd57e52fea8 (webtiles) character file.

Game seed: 2438271197665955860

683 MachJacob the Chiller (level 7, -1/68 HPs)
             Began as an Ogre Ice Elementalist on June 16, 2019.
             Slain by a killer bee (2 damage)
             ... on level 3 of the Dungeon.
             The game lasted 00:21:52 (5596 turns).

MachJacob the Chiller (Ogre Ice Elementalist)       Turns: 5596, Time: 00:21:53

Health: -1/68      AC:  5    Str: 13    XL:     7   Next: 61%
Magic:  10/13      EV: 10    Int: 18    God:
Gold:   222        SH:  0    Dex:  9    Spells: 8/14 levels left

rFire    . . .     SeeInvis .   a - +2 dagger (elec)
rCold    . . .     Gourm    .   (no shield)
rNeg     . . .     Faith    .   q - +1 robe
rPois    .         Spirit   .   (helmet restricted)
rElec    .         Reflect  .   l - +0 cloak
rCorr    .         Harm     .   (gloves unavailable)
MR       .....                  (boots unavailable)
Stlth    +.........             (no amulet)
HPRegen  0.21/turn              (no ring)
MPRegen  0.13/turn              (no ring)

@: lethally poisoned (-1 -> -35), hasted, very quick
A: large, unfitting armour, tough skin 1
a: no special abilities


You were on level 3 of the Dungeon.
You were not hungry.

You visited 1 branch of the dungeon, and saw 4 of its levels.

You collected 222 gold pieces.

Inventory:

Hand Weapons
 a - a +2 dagger of electrocution (weapon)
   (You took it off an orc wizard on level 4 of the Dungeon)
 s - a +2 vampiric spear {!w}
   (You took it off a gnoll on level 4 of the Dungeon)
Missiles
 d - 80 stones (quivered)
Armour
 l - a +0 cloak (worn)
   (You found it on level 1 of the Dungeon)
 q - a +1 robe (worn)
 r - a +0 shield
   (You found it on level 2 of the Dungeon)
Jewellery
 g - a cursed ring of teleportation {unknown}
   (You found it on level 1 of the Dungeon)
 n - an uncursed ring of protection from magic {unknown}
   (You found it on level 2 of the Dungeon)
Wands
 c - a wand of disintegration (11)
   (You found it on level 4 of the Dungeon)
Scrolls
 f - 3 scrolls of identify {@r1}
 h - a scroll of amnesia
 j - 4 scrolls of teleportation {@r4}
 p - a scroll of enchant armour
Potions
 b - 2 potions of mutation {!q}
 k - a potion of flight
 m - 2 potions of haste {@q3}
Comestibles
 e - 10 rations {!d}


   Skills:
 + Level 3.8 Fighting
 - Level 1.7 Dodging
 - Level 1.4 Stealth
 + Level 4.1 Spellcasting
 - Level 3.8 Conjurations
 + Level 2.3 Charms
 * Level 4.8 Ice Magic


You had 8 spell levels left.
You knew the following spells:

 Your Spells              Type           Power        Failure   Level  Hunger
a - Freeze                Ice            ###.         1%          1    None
b - Ozocubu's Armour      Chrm/Ice       ###.....     10%         3    ###....
x - Throw Frost           Conj/Ice       ###...       3%          2    ##.....

Your spell library contained the following spells:

 Spells                   Type           Power        Failure   Level  Hunger
 Throw Icicle             Conj/Ice       ###.....     24%         4    ####...
 Summon Ice Beast         Ice/Summ       ##......     47%         4    ####...


Dungeon Overview and Level Annotations

Branches:
Dungeon (4/15)
 Temple: D:4-7

Altars:
Elyvilon
Xom


Innate Abilities, Weirdness & Mutations

You are too large for most types of armour.
You have tough skin. (AC +1)


Message History

You feel sick. The killer bee barely misses you.
You feel sick.
You feel sick.
You feel sick. The killer bee stings you.
You are more poisoned.
The killer bee poisons you! The killer bee closely misses you.
The killer bee stings you.
There is a stone staircase leading up here.
You feel sick.
The killer bee buzzes angrily.
The killer bee barely misses you. The killer bee stings you.
You are more poisoned.
The killer bee poisons you! The killer bee stings you. x2
You are more poisoned.
The killer bee poisons you!
You climb upwards.
* * * LOW HITPOINT WARNING * * *
You feel very sick.
There is a stone staircase leading down here.
Okay, then.
Okay, then.
Okay, then.
Okay, then.
You feel yourself speed up.
* * * LOW HITPOINT WARNING * * *
You feel sick. The killer bee misses you. The killer bee barely misses you.
The killer bee stings you but does no damage.
The killer bee stings you!
* * * LOW HITPOINT WARNING * * *
You are more poisoned.
The killer bee poisons you!
Aim: a killer bee You freeze the killer bee.
* * * LOW HITPOINT WARNING * * *
You feel sick. The killer bee stings you.
* * * LOW HITPOINT WARNING * * *
The killer bee stings you.
* * * LOW HITPOINT WARNING * * *
The killer bee stings you.
* * * LOW HITPOINT WARNING * * *
You are more poisoned.
The killer bee poisons you!
As you read the scroll labeled JACKUA CAES, it crumbles to dust.
The creatures around you are filled with an inner flame!
It was a scroll of immolation.
* * * LOW HITPOINT WARNING * * *
You feel very sick. The killer bee misses you.
The killer bee barely misses you. The killer bee stings you.
You die...

......##########.................
####..#########.#.##..###########
...............###.#..# #
..##..#########.#.##..# #
.............###.###..# #
..##..##.....###.# #..# #
.###.........(...# #..###########
## #.###.....#######.............
####.###......)y@y.....##########
..............######.............
.....###.#.#.###.....#.##########
###### #.....# #.###.#.# ###.###
#.#<....# #.# #.#.#.### #.#
#.....# #.#######.### #.........#


You could see 2 killer bees.

Vanquished Creatures
  Pikel (D:3)
  Terence (D:2)
  An orc wizard (D:4)
  6 gnolls
  4 adders (D:3)
  3 oozes
  A worm (D:2)
  3 dart slugs
  2 leopard geckos
  3 orcs
  8 giant cockroaches
  5 goblins
  9 hobgoblins
  12 jackals
  9 kobolds
  3 ball pythons
  7 bats
  4 frilled lizards
  7 rats
89 creatures vanquished.

Vanquished Creatures (others)
  Sigmund (D:4)
1 creature vanquished.

Grand Total: 90 creatures vanquished

Notes
Turn   | Place    | Note
-------+----------+-------------------------------------------
     0 | D:1      | MachJacob the Ogre Ice Elementalist began the quest for the
                  | Orb.
     0 | D:1      | Reached XP level 1. HP: 16/16 MP: 3/3
   264 | D:1      | Reached XP level 2. HP: 26/26 MP: 2/5
   280 | D:1      | Learned a level 2 spell: Throw Frost
   331 | D:1      | Reached skill level 1 in Conjurations
   499 | D:1      | Reached skill level 1 in Fighting
   724 | D:1      | Reached XP level 3. HP: 31/33 MP: 0/7
  1046 | D:1      | Learned a level 3 spell: Ozocubu's Armour
  1445 | D:2      | Noticed Terence
  1482 | D:2      | Killed Terence
  1482 | D:2      | Reached XP level 4. HP: 21/42 MP: 0/8
  2647 | D:2      | Found a shimmering altar of Xom.
  3123 | D:3      | Reached skill level 1 in Charms
  3123 | D:3      | Reached XP level 5. HP: 46/49 MP: 4/9
  3722 | D:3      | Found a white marble altar of Elyvilon.
  4660 | D:4      | Noticed a slave
  4660 | D:4      | Noticed a slave
  4660 | D:4      | Noticed a slave
  4661 | D:4      | Noticed an ogre
  4662 | D:4      | Noticed Pikel
  4774 | D:4      | Reached XP level 6. HP: 59/59 MP: 4/11
  4965 | D:4      | Noticed Sigmund
  5223 | D:4      | Noticed a slave
  5245 | D:3      | Killed Pikel
  5245 | D:3      | Reached XP level 7. HP: 27/68 MP: 0/13
  5460 | D:4      | Killed Sigmund
  5596 | D:3      | HP: 1/68 [poisoned by a killer bee]
  5596 | D:3      | Slain by a killer bee

Levels and vault maps discovered:
D:1:      minmay_arrival_cross, layout_rooms
D:2:      layout_loops_corners, xom_butterflies, first_ration,
          minmay_tromino_v4_a, uniq_terence
D:3:      layout_loops_ring, elyvilon_altar_5
D:4:      kennysheep_spiral_hall, layout_basic, uniq_pikel, uniq_menkaure,
          uniq_sigmund

Skill      XL: |  1  2  3  4  5  6 |
---------------+-------------------+-----
Conjurations   | 1 2 3 |  3.8
Ice Magic      | 3 4 |  4.8
Fighting       | 1 2 3 |  3.8
Spellcasting   | 3 4 |  4.1
Charms         | 1 2 |  2.3
Dodging        | |  1.7
Stealth        | |  1.4

Action                   |  1- 3 |  4- 6 |  7- 9 || total
-------------------------+-------+-------+-------++-------
Melee: Club              |    15 |       |       ||    15
       Dagger            |     7 |    22 |       ||    29
Throw: Stone             |     8 |     8 |       ||    16
 Cast: Freeze            |    31 |    45 |     2 ||    78
       Throw Frost       |    19 |    64 |     5 ||    88
  Use: Scroll            |     1 |     7 |     2 ||    10
       Potion            |       |       |     1 ||     1
 Stab: Sleeping          |       |     1 |       ||     1
  Eat: Chunk             |     3 |    14 |     2 ||    19
Armor: Robe              |     9 |    14 |     3 ||    26
Dodge: Dodged            |    35 |    33 |     8 ||    76

Table legend:
 A = Non-vault XP
 B = Vault XP
 C = Vault XP percentage of total XP
 D = Non-vault monster count
 E = Vault monster count
 F = Vault count percentage of total count
                 A         B        C        D         E       F
            +---------+---------+-------+---------+---------+-------
      Total |     317 |     659 |  67.5 |      85 |       4 |   4.5
            +---------+---------+-------+---------+---------+-------
        D:1 |      59 |       0 |   0.0 |      29 |       0 |   0.0
        D:2 |      58 |      52 |  47.3 |      22 |       3 |  12.0
        D:3 |     145 |     607 |  80.7 |      30 |       1 |   3.2
        D:4 |      55 |       0 |   0.0 |       4 |       0 |   0.0
            +---------+---------+-------+---------+---------+-------
